NCAA
ARIZONA WILDCATS @ GEORGETOWN HOYAS
04/03/2027
 
TOP OF THE 1ST
Arizona Wildcats batting - Pitching for Georgetown Hoyas : RHP Ed Wilkerson
Pitching: RHP Ed Wilkerson
Batting: RHB Jon Hartley 0-0: Called Strike
0-1: Called Strike
0-2: Strikes out swinging
Batting: RHB Juan Navarro 0-0: Swinging Strike
0-1: Called Strike
0-2: Ball
1-2: Foul Ball, location: 2F
1-2: Foul Ball, location: 2F
1-2: Foul Ball, location: 2F
1-2: Ball
2-2: Strikes out looking
Batting: LHB Larry Battle 0-0: Called Strike
0-1: Ball
1-1: Fly out, F7 (Flyball, 7)
Top of the 1st over - 0 run(s), 0 hit(s), 0 error(s), 0 left on base; Arizona 0 - Georgetown 0
BOTTOM OF THE 1ST
Georgetown Hoyas batting - Pitching for Arizona Wildcats : LHP Elroy Bunch
Pitching: LHP Elroy Bunch
Batting: LHB Pedro Escobar 0-0: Fly out, F9 (Flyball, 9S)
Batting: LHB Preston Leach 0-0: Ball
1-0: SINGLE (Groundball, 34D)
Batting: RHB Hubert MacDonald 0-0: Called Strike
0-1: Called Strike
0-2: Ball
1-2: Strikes out swinging
Batting: RHB Glenn Rojas 0-0: Ball
1-0: Swinging Strike
1-1: Foul Ball, location: 2F
1-2: Foul Ball, location: 2F
1-2: Ball
2-2: Strikes out swinging passed ball, reaches first!
Preston Leach to second
Batting: LHB Chris Smith 0-0: Ball
1-0: Called Strike
1-1: Ball
2-1: Ball
3-1: Foul Ball, location: 2F
3-2: Foul Ball, location: 2F
3-2: Fly out, F8 (Flyball, 8LS)
Bottom of the 1st over - 0 run(s), 1 hit(s), 0 error(s), 2 left on base; Arizona 0 - Georgetown 0
TOP OF THE 2ND
Arizona Wildcats batting - Pitching for Georgetown Hoyas : RHP Ed Wilkerson
Batting: RHB Jake Lawrence 0-0: Ball
1-0: Ball
2-0: TRIPLE (Line Drive, 5L)
Batting: RHB Arnold Flint 0-0: Called Strike
0-1: Called Strike
0-2: Strikes out swinging
Batting: RHB Lúcio Pagán 0-0: Called Strike
0-1: Called Strike
0-2: Foul Ball, location: 2F
0-2: Ball
1-2: Foul Ball, location: 2F
1-2: Foul Ball, location: 2F
1-2: Ground out 6-3 (Groundball, 6)
Jake Lawrence scores
Batting: RHB Donald Fenner 0-0: Ball
1-0: Ball
2-0: Ground out 2-3 (Groundball, 2R)
Top of the 2nd over - 1 run(s), 1 hit(s), 0 error(s), 0 left on base; Arizona 1 - Georgetown 0
BOTTOM OF THE 2ND
Georgetown Hoyas batting - Pitching for Arizona Wildcats : LHP Elroy Bunch
Batting: SHB Chris Young 0-0: Ball
1-0: Called Strike
1-1: Ball
2-1: Called Strike
2-2: Ball
3-2: DOUBLE (Line Drive, 78D)
Batting: LHB Matt McCormick 0-0: Foul Ball, location: 2F
0-1: Ball
1-1: Ball
2-1: Foul Ball, location: 2F
2-2: Ball
3-2: Base on Balls
Batting: LHB Robert Lucas 0-0: Swinging Strike
0-1: Ball
1-1: Swinging Strike
1-2: Foul Ball, location: 2F
1-2: Ball
2-2: Strikes out swinging
Batting: RHB Alex Vasser 0-0: Called Strike
0-1: Ball
1-1: Swinging Strike
1-2: Foul Ball, location: 2F
1-2: Strikes out looking
Batting: LHB Pedro Escobar 0-0: Ball
1-0: Called Strike
1-1: Ball
2-1: Foul Ball, location: 2F
2-2: Ball
3-2: Strikes out swinging
Bottom of the 2nd over - 0 run(s), 1 hit(s), 0 error(s), 2 left on base; Arizona 1 - Georgetown 0
TOP OF THE 3RD
Arizona Wildcats batting - Pitching for Georgetown Hoyas : RHP Ed Wilkerson
Batting: RHB Dean Oglethorpe 0-0: Ball
1-0: Foul Ball, location: 2F
1-1: Foul Ball, location: 2F
1-2: Ball
2-2: Foul Ball, location: 2F
2-2: Reached on error, E6 (Groundball, 6)
Batting: RHB Maurice Long 0-0: Grounds into double play, 6-4-3 (Groundball, 56)
Batting: RHB Jon Hartley 0-0: Called Strike
0-1: Ball
1-1: Called Strike
1-2: Strikes out swinging
Top of the 3rd over - 0 run(s), 0 hit(s), 1 error(s), 0 left on base; Arizona 1 - Georgetown 0
BOTTOM OF THE 3RD
Georgetown Hoyas batting - Pitching for Arizona Wildcats : LHP Elroy Bunch
Batting: LHB Preston Leach 0-0: Called Strike
0-1: Ball
1-1: Foul Ball, location: 2F
1-2: Strikes out swinging
Batting: RHB Hubert MacDonald 0-0: Called Strike
0-1: DOUBLE (Line Drive, 78XD)
Batting: RHB Glenn Rojas 0-0: Called Strike
0-1: Ball
1-1: Foul Ball, location: 2F
1-2: Foul Ball, location: 2F
1-2: Foul Ball, location: 2F
1-2: Ball
2-2: Ball
3-2: Strikes out looking
Batting: LHB Chris Smith 0-0: Called Strike
0-1: Fly out, F8 (Flyball, 8LM)
Bottom of the 3rd over - 0 run(s), 1 hit(s), 0 error(s), 1 left on base; Arizona 1 - Georgetown 0
TOP OF THE 4TH
Arizona Wildcats batting - Pitching for Georgetown Hoyas : RHP Ed Wilkerson
Batting: RHB Juan Navarro 0-0: Called Strike
0-1: Foul Ball, location: 2F
0-2: Strikes out swinging
Batting: LHB Larry Battle 0-0: Ball
1-0: SINGLE (Groundball, 56D)
Batting: RHB Jake Lawrence 0-0: Called Strike
0-1: Ball
1-1: Called Strike
1-2: Foul Ball, location: 2F
1-2: Strikes out swinging
Batting: RHB Arnold Flint 0-0: Ball
1-0: Foul Ball, location: 2F
1-1: Called Strike
1-2: Strikes out swinging, 2-3 out at first.
Top of the 4th over - 0 run(s), 1 hit(s), 0 error(s), 1 left on base; Arizona 1 - Georgetown 0
BOTTOM OF THE 4TH
Georgetown Hoyas batting - Pitching for Arizona Wildcats : LHP Elroy Bunch
Batting: SHB Chris Young 0-0: Called Strike
0-1: Foul Ball, location: 2F
0-2: Strikes out looking
Batting: LHB Matt McCormick 0-0: Ball
1-0: Ball
2-0: Called Strike
2-1: Swinging Strike
2-2: Ball
3-2: Base on Balls
Batting: LHB Robert Lucas 0-0: Ball
1-0: Called Strike
1-1: Ball
2-1: Ball
3-1: Base on Balls
Matt McCormick to second
Batting: RHB Alex Vasser 0-0: Foul Ball, location: 2F
0-1: Foul Ball, location: 2F
0-2: Ball
1-2: Strikes out looking
Pitching: RHP Cedric Shaw
Batting: LHB Pedro Escobar 0-0: Called Strike
0-1: Ball
1-1: Ball
2-1: Swinging Strike
2-2: Strikes out looking
Bottom of the 4th over - 0 run(s), 0 hit(s), 0 error(s), 2 left on base; Arizona 1 - Georgetown 0
TOP OF THE 5TH
Arizona Wildcats batting - Pitching for Georgetown Hoyas : RHP Ed Wilkerson
Batting: RHB Lúcio Pagán 0-0: Ball
1-0: Called Strike
1-1: Fly out, F6 (Popup, 56D)
Batting: RHB Donald Fenner 0-0: Ball
1-0: Ground out 6-3 (Groundball, 6S)
Batting: RHB Dean Oglethorpe 0-0: Ground out 1-3 (Groundball, 13)
Top of the 5th over - 0 run(s), 0 hit(s), 0 error(s), 0 left on base; Arizona 1 - Georgetown 0
BOTTOM OF THE 5TH
Georgetown Hoyas batting - Pitching for Arizona Wildcats : RHP Cedric Shaw
Batting: LHB Preston Leach 0-0: Ball
1-0: Foul Ball, location: 2F
1-1: Called Strike
1-2: Fly out, F7 (Flyball, 7LSF)
Batting: RHB Hubert MacDonald 0-0: Ball
1-0: Foul Ball, location: 2F
1-1: Ball
2-1: Fly out, F7 (Flyball, 7)
Batting: RHB Glenn Rojas 0-0: Called Strike
0-1: Ball
1-1: Ball
2-1: Ball
3-1: Swinging Strike
3-2: Base on Balls
Batting: LHB Chris Smith 0-0: Ball
1-0: Swinging Strike
1-1: Ball
2-1: Called Strike
2-2: Ball
3-2: Strikes out looking
Bottom of the 5th over - 0 run(s), 0 hit(s), 0 error(s), 1 left on base; Arizona 1 - Georgetown 0
TOP OF THE 6TH
Arizona Wildcats batting - Pitching for Georgetown Hoyas : RHP Ed Wilkerson
Batting: RHB Maurice Long 0-0: Ball
1-0: Foul Ball, location: 2F
1-1: Swinging Strike
1-2: Ball
2-2: Strikes out swinging
Batting: RHB Jon Hartley 0-0: Ball
1-0: Foul Ball, location: 2F
1-1: Ball
2-1: Ball
3-1: Called Strike
3-2: Strikes out swinging
Batting: RHB Juan Navarro 0-0: Swinging Strike
0-1: Ball
1-1: Ball
2-1: Foul Ball, location: 2F
2-2: Fly out, F8 (Flyball, 78XD)
Top of the 6th over - 0 run(s), 0 hit(s), 0 error(s), 0 left on base; Arizona 1 - Georgetown 0
BOTTOM OF THE 6TH
Georgetown Hoyas batting - Pitching for Arizona Wildcats : RHP Cedric Shaw
Batting: SHB Chris Young 0-0: Ball
1-0: Called Strike
1-1: Foul Ball, location: 2F
1-2: Strikes out looking
Batting: LHB Matt McCormick 0-0: Bunted foul
0-1: Ball
1-1: Ground out 1-3 (Groundball, 13)
Batting: LHB Robert Lucas 0-0: Ball
1-0: Ball
2-0: Ball
3-0: Base on Balls
Batting: RHB Alex Vasser 0-0: Ball
1-0: Foul Ball, location: 2F
1-1: Called Strike
1-2: Foul Ball, location: 2F
1-2: Strikes out swinging
Bottom of the 6th over - 0 run(s), 0 hit(s), 0 error(s), 1 left on base; Arizona 1 - Georgetown 0
TOP OF THE 7TH
Arizona Wildcats batting - Pitching for Georgetown Hoyas : RHP Ed Wilkerson
Batting: LHB Larry Battle 0-0: Called Strike
0-1: Ball
1-1: SINGLE (Groundball, 34D)
Pitching: RHP Joe Adams
Batting: RHB Jake Lawrence 0-0: Ball
1-0: Ball
2-0: Ball
3-0: Base on Balls
Larry Battle to second
Batting: RHB Arnold Flint 0-0: Foul Ball, location: 2F
0-1: Called Strike
0-2: Ball
1-2: Foul Ball, location: 2F
1-2: Foul Ball, location: 2F
1-2: Foul Ball, location: 2F
1-2: Ball
2-2: Strikes out swinging
Pinch Hitting: RHB Jesús Ortíz 0-0: Ball
1-0: Foul Ball, location: 2F
1-1: Hit by Pitch
Larry Battle to third
Jake Lawrence to second
Batting: RHB Donald Fenner 0-0: Swinging Strike
0-1: Swinging Strike
0-2: Strikes out looking
Batting: RHB Dean Oglethorpe 0-0: Ball
1-0: Fielders Choice at 2nd, 6-4 (Groundball, 6)
Top of the 7th over - 0 run(s), 1 hit(s), 0 error(s), 2 left on base; Arizona 1 - Georgetown 0
BOTTOM OF THE 7TH
Georgetown Hoyas batting - Pitching for Arizona Wildcats : RHP Cedric Shaw
Pitching: LHP Aaron Blankenship
Now at 2B: Brian Brown
Batting: LHB Pedro Escobar 0-0: Ball
1-0: Swinging Strike
1-1: Foul Ball, location: 2F
1-2: Ball
2-2: Ball
3-2: Base on Balls
Pitching: LHP Léo Dubeau
Batting: LHB Preston Leach 0-0: Sac Bunt - play at first, batter OUT! 5-4
Pedro Escobar to second
Batting: RHB Hubert MacDonald 0-0: Ball
1-0: Ball
2-0: Swinging Strike
2-1: SINGLE (Line Drive, 56)
Pedro Escobar to third
Batting: RHB Glenn Rojas 0-0: Foul Ball, location: 2F
0-1: Ball
1-1: Called Strike
1-2: Ball
2-2: Ball
3-2: Base on Balls
Hubert MacDonald to second
Batting: LHB Chris Smith 0-0: Ball
1-0: Called Strike
1-1: Swinging Strike
1-2: Strikes out swinging
Batting: SHB Chris Young 0-0: Called Strike
0-1: Ball
1-1: Foul Ball, location: 2F
1-2: SINGLE (Groundball, 56D)
Pedro Escobar scores
Hubert MacDonald to third
Glenn Rojas to second
Runner from 3rd tries for Home, SAFE, throw made home
Glenn Rojas to third
Chris Young to second
Batting: LHB Matt McCormick 0-0: Ball
1-0: Ball
2-0: Ball
3-0: Base on Balls
Batting: LHB Robert Lucas 0-0: Ball
1-0: Foul Ball, location: 2F
1-1: Foul Ball, location: 2F
1-2: Strikes out looking
Bottom of the 7th over - 2 run(s), 2 hit(s), 0 error(s), 3 left on base; Arizona 1 - Georgetown 2
TOP OF THE 8TH
Arizona Wildcats batting - Pitching for Georgetown Hoyas : RHP Joe Adams
Now at C: Alex Hampton
Batting: RHB Maurice Long 0-0: Foul Ball, location: 2F
0-1: Called Strike
0-2: Strikes out looking
Batting: RHB Jon Hartley 0-0: Foul Ball, location: 2F
0-1: Swinging Strike
0-2: Strikes out swinging
Pitching: RHP Brandon Lee
Batting: RHB Juan Navarro 0-0: Ball
1-0: Ball
2-0: SOLO HOME RUN (Flyball, 78XD), Distance : 389 ft
Batting: LHB Larry Battle 0-0: Called Strike
0-1: Foul Ball, location: 2F
0-2: SINGLE (Line Drive, 6MD)
Batting: RHB Jake Lawrence 0-0: Ball
Larry Battle steals 2nd base
1-0: Called Strike
1-1: Ball
2-1: Ball
3-1: Base on Balls
Batting: RHB Arnold Flint 0-0: Ball
1-0: Called Strike
1-1: Foul Ball, location: 2F
1-2: Ball
2-2: Fly out, F9 (Flyball, 9LSF)
Top of the 8th over - 1 run(s), 2 hit(s), 0 error(s), 2 left on base; Arizona 2 - Georgetown 2
BOTTOM OF THE 8TH
Georgetown Hoyas batting - Pitching for Arizona Wildcats : LHP Léo Dubeau
Batting: RHB Alex Vasser 0-0: Ball
1-0: Called Strike
1-1: Ball
2-1: SINGLE (Groundball, 6D)
Pinch Hitting: RHB Mitchell Pate 0-0: Called Strike
0-1: Foul Ball, location: 2F
0-2: Foul Ball, location: 2F
0-2: SINGLE (Flyball, 89S)
Alex Vasser to second
Batting: LHB Preston Leach 0-0: Ball
1-0: Ball
2-0: Sac Bunt - play at third, runner safe!
Mitchell Pate to second
Batting: RHB Hubert MacDonald 0-0: Ball
1-0: Ball
2-0: DOUBLE (Line Drive, 78M)
Alex Vasser scores
Mitchell Pate scores
Preston Leach to third
Batting: RHB Glenn Rojas 0-0: Intentional Walk
Pitching: RHP Wilson Flores
Batting: LHB Chris Smith 0-0: Called Strike
0-1: Ball
1-1: Swinging Strike
1-2: Foul Ball, location: 2F
1-2: Ball
2-2: Ball
3-2: Foul Ball, location: 2F
3-2: Base on Balls
Preston Leach scores
Hubert MacDonald to third
Glenn Rojas to second
Batting: RHB Alex Hampton 0-0: Called Strike
0-1: Grounds into fielders choice 4-2 (Groundball, 4)
Glenn Rojas to third
Chris Smith to second
Batting: LHB Matt McCormick 0-0: Called Strike
0-1: Ball
1-1: Ball
2-1: Foul Ball, location: 2F
2-2: Ball
3-2: Base on Balls
Glenn Rojas scores
Chris Smith to third
Alex Hampton to second
Batting: LHB Robert Lucas 0-0: Ball
Wild Pitch!
Chris Smith scores
Alex Hampton to third
Matt McCormick to second
1-0: DOUBLE (Line Drive, 78M)
Alex Hampton scores
Matt McCormick scores
Pitching: LHP John Keller
Batting: RHB Alex Vasser 0-0: Called Strike
0-1: Ball
1-1: Fly out, F4 (Popup, 4)
Batting: RHB Mitchell Pate 0-0: Called Strike
0-1: Called Strike
0-2: Strikes out looking
Bottom of the 8th over - 7 run(s), 4 hit(s), 0 error(s), 1 left on base; Arizona 2 - Georgetown 9
TOP OF THE 9TH
Arizona Wildcats batting - Pitching for Georgetown Hoyas : RHP Brandon Lee
Now at 1B: Mitchell Pate
Batting: RHB Brian Brown 0-0: Called Strike
0-1: Swinging Strike
0-2: Ground out 4-3 (Groundball, 34)
Batting: RHB Donald Fenner 0-0: Ball
1-0: Called Strike
1-1: Swinging Strike
1-2: Strikes out swinging
Batting: RHB Dean Oglethorpe 0-0: Ball
1-0: Swinging Strike
1-1: Ball
2-1: Foul Ball, location: 2F
2-2: Ball
3-2: Fly out, F5 (Line Drive, 5)
Top of the 9th over - 0 run(s), 0 hit(s), 0 error(s), 0 left on base; Arizona 2 - Georgetown 9
Thursday, March 30th, 2017 - OOTP Baseball 17.12 Build 75